 Dungeon Crawl Stone Soup version 0.29-a0-418-gc0181ea820 (webtiles) character file.

Game seed: 1887809909692411142

1344 quokkamancerX the Quickloader (level 8, -21/56 HPs)
             Began as a Human Hunter on May 17, 2022.
             Demolished by an ogre
             ... wielding a +0 giant spiked club
              (32 damage)
             ... on level 4 of the Dungeon.
             The game lasted 00:31:04 (6015 turns).

quokkamancerX the Quickloader (Human Hunter)        Turns: 6015, Time: 00:31:04

Health: -21/56     AC: 12    Str: 11    XL:     8   Next: 94%
Magic:  8/8        EV: 12    Int: 10    God:
Gold:   163        SH:  0    Dex: 19    Spells: 7/7 levels left

rFire   + . .      SeeInvis .   a - +3 hand crossbow
rCold   . . .      Faith    .   (no shield)
rNeg    . . .      Spirit   .   C - +2 ring mail {rF+}
rPois   .          Reflect  .   g - +2 hat
rElec   .          Harm     .   (no cloak)
rCorr   .          Rampage  .   h - +2 pair of gloves
Will    .....                   (no boots)
Stlth   +++.......              (no amulet)
HPRegen 0.18/turn               i - ring of flight
MPRegen 0.11/turn               (no ring)

@: flying
A: no striking features
a: no special abilities


You were on level 4 of the Dungeon.
You visited 2 branches of the dungeon, and saw 8 of its levels.
You also visited: Sewer.

You collected 218 gold pieces.
You spent 55 gold pieces at shops.

Inventory:

Hand Weapons
 a - a +3 hand crossbow (weapon)
Missiles
 r - 2 datura-tipped darts
 u - 2 curare-tipped darts
Armour
 g - a +2 hat (worn)
 h - a +2 pair of gloves (worn)
 C - a +2 ring mail of fire resistance (worn)
Jewellery
 e - an amulet of faith
 i - a ring of flight (left hand)
 s - an amulet of magic regeneration
Wands
 x - a wand of digging (1)
 A - a wand of iceblast (8)
Scrolls
 c - 3 scrolls of immolation
 d - a scroll of brand weapon {unknown}
 f - a scroll of acquirement {unknown}
 l - a scroll of poison
 m - a scroll of fog
 n - a scroll of fear {unknown}
 w - 2 scrolls of enchant weapon
 y - a scroll of vulnerability {unknown}
 B - a scroll of enchant armour
Potions
 j - a potion of attraction
 k - 3 potions of curing {unknown}
 o - 2 potions of magic {unknown}
 p - 3 potions of haste {unknown}
 q - 2 potions of heal wounds {unknown}
 t - 2 potions of flight
 v - 2 potions of lignification {unknown}
 z - a potion of resistance {unknown}


   Skills:
 - Level 2.0 Fighting
 + Level 8.7 Crossbows
 + Level 4.3 Dodging
 - Level 6.0 Stealth


You had 7 spell levels left.
You didn't know any spells.
Your spell library was empty.

Dungeon Overview and Level Annotations

Branches:
Dungeon (7/15)             Temple (1/1) D:4           Sewer (visited)

Altars:
Ashenzari
Cheibriados
Dithmenos
Fedhas
Gozag
Kikubaaqudgha
Makhleb
Nemelex Xobeh
Okawaru
Qazlal
Ru
Trog
Uskayaw
Vehumet
Wu Jian
Yredelemnul
Zin
The Shining One

Shops:
D:2 *

Annotations:
D:3 Sigmund


Message History

The scorpion closely misses you.
Shoot: a) +3 hand crossbow
Press: ? - help, Q - select action, (/) - cycle Shift-Dir - straight line, f/p - scorpion
Aim: a scorpion (heavily wounded, 70% to hit)
You shoot a bolt. The bolt hits the scorpion.
The scorpion is severely wounded.
The scorpion barely misses you. The scorpion closely misses you.
Shoot: a) +3 hand crossbow
Press: ? - help, Q - select action, (/) - cycle Shift-Dir - straight line, f/p - scorpion
Aim: a scorpion (severely wounded, 70% to hit)
You shoot a bolt. The bolt hits the scorpion!
You kill the scorpion!
The ogre barely misses you.
Shoot: a) +3 hand crossbow
Press: ? - help, Q - select action, (/) - cycle Shift-Dir - straight line, f - ogre
Aim: an ogre, wielding a +0 giant spiked club (moderately wounded, 81% to hit)
You shoot a bolt. The bolt hits the ogre.
The ogre is heavily wounded.
Shoot: a) +3 hand crossbow
Press: ? - help, Q - select action, (/) - cycle Shift-Dir - straight line, f/p - ogre
Aim: an ogre, wielding a +0 giant spiked club (heavily wounded, 81% to hit)
You shoot a bolt.
The bolt hits the ogre but does no damage.
The ogre is heavily wounded.
The ogre barely misses you.
Shoot: a) +3 hand crossbow
Press: ? - help, Q - select action, (/) - cycle Shift-Dir - straight line, f/p - ogre
Aim: an ogre, wielding a +0 giant spiked club (heavily wounded, 81% to hit)
You shoot a bolt. The bolt hits the ogre.
The ogre is severely wounded.
The ogre hits you with a +0 giant spiked club!!
* * * LOW HITPOINT WARNING * * *
Shoot: a) +3 hand crossbow
Press: ? - help, Q - select action, (/) - cycle Shift-Dir - straight line, f/p - ogre
Aim: an ogre, wielding a +0 giant spiked club (severely wounded, 81% to hit)
You shoot a bolt. The bolt hits the ogre.
The ogre is severely wounded.
The ogre hits you with a +0 giant spiked club!!
Ouch! That really hurt!
You die...

..............#...#
..............#####
..............#$$$#
#...........####$##
#..........## #####
.......#...## #._.#
.......#.#..###...#
###.>#.....##.##.##
.....####......#@#
###'.# ##......O.#
≈≈≈#.###.....>.###
≈≈≈#.##..#.....##
≈.≈#.##..#......##
≈≈≈#.#........##.#
≈≈≈#.............###
####.#.##..........##
.....#####...###....##


You could see an ogre.

Vanquished Creatures
  A black bear (D:5)
  2 ogres
  A phantom (D:4)
  5 kobold brigands (Sewer)
  A bullfrog (D:5)
  A necrophage (D:5)
  A scorpion (D:4)
  A jelly (D:4)
  2 hounds
  2 orc priests
  3 iguanas
  2 orc wizards
  11 adders
  An ufetubus (D:6)
  4 worms
  A dart slug (D:3)
  6 orcs
  7 bats
  7 endoplasms
  2 giant cockroaches
  7 goblins
  6 hobgoblins
  2 quokkas (D:1)
  16 ball pythons
  9 kobolds
  9 rats
110 creatures vanquished.

Notes
Turn   | Place    | Note
-------+----------+-------------------------------------------
     0 | D:1      | quokkamancerX the Human Hunter began the quest for the Orb.
     0 | D:1      | Reached XP level 1. HP: 16/16 MP: 1/1
   240 | D:1      | Reached XP level 2. HP: 14/22 MP: 2/2
  1018 | D:2      | Reached XP level 3. HP: 27/27 MP: 3/3
  1789 | D:2      | Reached XP level 4. HP: 33/33 MP: 4/4
  1792 | D:2      | Found Faterchet's Assorted Antiques.
  1800 | D:2      | Bought a sapphire potion for 17 gold pieces
  1800 | D:2      | Bought a scroll labelled GOKKOD SOIME for 19 gold pieces
  1800 | D:2      | Bought a scroll labelled UBBOAH SUERHIH for 19 gold pieces
  2387 | D:3      | Noticed Sigmund
  2531 | D:3      | Found a sparkling altar of Nemelex Xobeh.
  2559 | D:3      | Reached skill level 5 in Crossbows
  2689 | D:3      | Reached XP level 5. HP: 23/38 MP: 5/5
  3243 | D:4      | Found a stormy altar of Qazlal.
  3304 | D:4      | Reached XP level 6. HP: 44/44 MP: 6/6
  3377 | D:4      | Found a glowing drain.
  3392 | Sewer    | Entered a sewer
  3481 | Sewer    | Reached skill level 6 in Crossbows
  3513 | Sewer    | Reached skill level 5 in Stealth
  3513 | Sewer    | Reached XP level 7. HP: 48/50 MP: 7/7
  3904 | Sewer    | Reached skill level 7 in Crossbows
  4108 | D:4      | Found an opulent altar of Gozag.
  4141 | D:4      | Found a glowing silver altar of Zin.
  4168 | D:4      | Found a staircase to the Ecumenical Temple.
  4175 | Temple   | Entered the Ecumenical Temple
  4490 | D:5      | Entered Level 5 of the Dungeon
  4741 | D:5      | Reached XP level 8. HP: 52/56 MP: 8/8
  4866 | D:5      | You are sucked into a shaft and drop 2 floors!
  5118 | D:6      | Found a shadowy altar of Dithmenos.
  5266 | D:6      | Reached skill level 8 in Crossbows
  6015 | D:4      | Demolished by an ogre

Illustrated notes

Levels and vault maps discovered:
D:1:      heliophobic_arrival_glass_houses, layout_basic, minmay_pentomino_q2
D:2:      layout_basic, serial_shops, shop
D:3:      layout_loops_corners, nemelex_diamond_rough_becter,
          nicolae_concentric_dashed_squares_wild, uniq_sigmund
D:4:      layout_cave_pools, pdpol_temple_overflow_zin_treasury_gozag_greed,
          old_standard_altar, minmay_temple_entry_hall, portal_sewer_entry_c
D:5:      layout_cave_pods, serial_glass, glass_columns_b, glass_columns_b
D:6:      layout_basic, lemuel_crystal_altar, nicolae_elevator_lobby_asterisk,
          uniq_blork_the_orc, uniq_duvessa
D:7:      layout_basic
Temple:   cyrus_circular_temple

Skill      XL: |  1  2  3  4  5  6  7  8 |
---------------+-------------------------+-----
Stealth        | 2 3 4 5 6 |  6.0
Crossbows      | 5 6 7 8 |  8.7
Dodging        | 4 |  4.3
Fighting       | |  2.0

Action                   |  1- 3 |  4- 6 |  7- 9 || total
-------------------------+-------+-------+-------++-------
 Fire: Hand crossbow     |    77 |   121 |   177 ||   375
  Use: Scroll            |       |     5 |     5 ||    10
       Potion            |       |       |     1 ||     1
Armor: Leather armour    |    15 |    13 |    19 ||    47
       Ring mail         |       |       |    11 ||    11
Dodge: Dodged            |    25 |    34 |    59 ||   118

Table legend: (Time is in decaauts)
 A = Elapsed time spent in this place.
 B = Non-inter-level travel time spent in this place.
 C = Inter-level travel time spent in this place.
 D = Time resting spent in this place.
 E = Time spent auto-exploring this place.
 F = Levels seen in this place.
 G = Mean time per level.
                   A        B        C        D        E       F      G
               +--------+--------+--------+--------+--------+-----+--------+
         Total |   6114 |   5917 |    197 |   1451 |    700 |   9 |  679.3 |
       Dungeon |   5439 |   5242 |    197 |   1368 |    666 |   7 |  777.0 |
        Temple |     59 |     59 |      0 |      0 |     34 |   1 |   59.0 |
         Sewer |    615 |    615 |      0 |     83 |      0 |   1 |  615.0 |
               +--------+--------+--------+--------+--------+-----+--------+

Top non-repeatable levels by time:
     D:2: 1165 daAuts
     D:3: 1089 daAuts
     D:1: 1029 daAuts
     D:4: 918 daAuts
     D:5: 802 daAuts
   Sewer: 615 daAuts
     D:7: 253 daAuts
     D:6: 180 daAuts
  Temple: 59 daAuts
